 Dungeon Sprint DCSS version 0.24-a0-536-gdd4cf15 (webtiles) character file.

Game seed: 5333966807946532490

511 Faca the Zephyrmancer (level 7, 0/36 HPs)
             Began as a Tengu Air Elementalist on Aug 13, 2019.
             Was a Follower of Sif Muna.
             Slain by a two-headed ogre
             ... wielding a +0 giant spiked club
              (15 damage)
             ... in the Dungeon (Sprint IX: "|||||||||||||||||||||||||||||").
             The game lasted 00:06:14 (354 turns).

Faca the Zephyrmancer (Tengu Air Elementalist)       Turns: 354, Time: 00:06:15

Health: 0/36       AC:  5    Str: 11    XL:     7   Next: 19%
Magic:  0/19       EV: 12    Int: 18    God:    Sif Muna [*.....]
Gold:   0          SH:  0    Dex: 14    Spells: 12/22 levels left

rFire    . . .     SeeInvis .   m - staff of energy
rCold    . . .     Gourm    .   (no shield)
rNeg     . . .     Faith    .   a - +0 robe
rPois    .         Spirit   .   (helmet restricted)
rElec    .         Reflect  .   o - +0 cloak
rCorr    .         Harm     .   (no gloves)
MR       .....     NoTele   +   (boots unavailable)
Stlth    ++........             (no amulet)
HPRegen  0.12/turn              p - +3 ring of strength
MPRegen  0.16/turn              q - +2 ring of protection

@: very slightly contaminated
A: beak, talons 3, able to fly
a: Fly, Channel Magic, Renounce Religion


You were in the Dungeon.
You worshipped Sif Muna.
Sif Muna was aware of your devotion.
You were not hungry.

You visited 1 branch

Inventory:

Hand Weapons
 j - a +0 dagger
 n - a +2 rapier of speed
Armour
 a - a +0 robe (worn)
 o - a +0 cloak (worn)
Magical Staves
 m - an uncursed staff of energy (weapon)
Jewellery
 p - a +3 ring of strength (left hand)
 q - a +2 ring of protection (right hand)
Wands
 l - a wand of iceblast (10)
Scrolls
 h - 3 scrolls of remove curse
 i - a scroll of blinking
 k - 2 scrolls of amnesia
Potions
 b - a potion of invisibility
 d - 4 potions of curing
 e - 3 potions of heal wounds
 f - a potion of haste
 g - 4 potions of magic
Comestibles
 c - a ration


   Skills:
 - Level 2.1 Dodging
 - Level 2.0 Stealth
 + Level 8.2 Spellcasting
 + Level 11.2 Conjurations
 + Level 11.7 Air Magic


You had 12 spell levels left.
You knew the following spells:

 Your Spells              Type           Power        Failure   Level  Hunger
a - Shock                 Conj/Air       ####         1%          1    None
b - Airstrike             Air            #####.....   1%          4    None
c - Lightning Bolt        Conj/Air       #####.....   2%          5    None

Your spell library contained the following spells:

 Spells                   Type           Power        Failure   Level  Hunger
 Swiftness                Chrm/Air       ####....     1%          2    None
 Static Discharge         Conj/Air       #####...     1%          3    None


Dungeon Overview and Level Annotations

Branches:
Dungeon (1/1)

Altars:
Cheibriados
Dithmenos
Elyvilon
Fedhas
Gozag
Hepliaklqana
Kikubaaqudgha
Makhleb
Nemelex Xobeh
Okawaru
Qazlal
Ru
Sif Muna
Trog
Uskayaw
Vehumet
Wu Jian
Xom
Yredelemnul
Zin
The Shining One
Beogh
Jiyva
Lugonu


Innate Abilities, Weirdness & Mutations

You have a beak for a mouth.
You have claws for feet.
You can fly continuously.


Message History

Aim: a two-headed ogre, wielding a +0 giant spiked club and a +0 giant club (moderately wounded)
The zap misses the two-headed ogre.
Casting: Shock (safe; 1% risk of failure)
Confirm with . or Enter, or press ? or * to list all spells.
Aiming: Shock (safe; 1% risk of failure)
Press: ? - help, Shift-Dir - straight line, f/p - two-headed ogre
Aim: a two-headed ogre, wielding a +0 giant spiked club and a +0 giant club (moderately wounded)
The zap hits the two-headed ogre.
The two-headed ogre is moderately wounded.
Casting: Shock (safe; 1% risk of failure)
Confirm with . or Enter, or press ? or * to list all spells.
Aiming: Shock (safe; 1% risk of failure)
Press: ? - help, Shift-Dir - straight line, f/p - two-headed ogre
Aim: a two-headed ogre, wielding a +0 giant spiked club and a +0 giant club (moderately wounded)
The zap hits the two-headed ogre!
The two-headed ogre is heavily wounded.
You hit the two-headed ogre. You claw the two-headed ogre.
The two-headed ogre is severely wounded.
The two-headed ogre hits you with a +0 giant spiked club!
You die... ▓▓▓▓▓▓▓▓▓▓▓▓▓▓▓▓▓▓▓▓▓▓▓▓▓▓▓ _________'.....O@...)'÷).<▓ ▓▓▓▓▓▓▓▓▓▓▓▓▓▓▓▓▓▓▓▓▓▓▓▓▓▓▓

You could see a two-headed ogre.

Vanquished Creatures
  A hippogriff (D)
  An orc warrior (D)
  An ogre (D)
  A big kobold (D)
  A crimson imp (D)
  A quasit (D)
  2 adder zombies (D)
  An adder skeleton (D)
  A dart slug (D)
  A hobgoblin (D)
  2 kobolds (D)
  A quokka (D)
  A bat (D)
15 creatures vanquished.

Notes
Turn   | Place    | Note
-------+----------+-------------------------------------------
     0 | D        | Faca the Tengu Air Elementalist began the quest for the
                  | Orb.
     0 | D        | Reached XP level 1. HP: 10/10 MP: 4/4
     6 | D        | Reached skill level 5 in Air Magic
     6 | D        | Reached XP level 2. HP: 15/15 MP: 1/6
    65 | D        | Noticed an ogre
    65 | D        | Noticed a crimson imp
    86 | D        | Killed an ogre
    86 | D        | Reached skill level 5 in Spellcasting
    86 | D        | Reached XP level 3. HP: 12/19 MP: 0/10
    86 | D        | Reached XP level 4. HP: 16/24 MP: 0/12
   141 | D        | Gained mutation: You can fly continuously. [Tengu growth]
   141 | D        | Reached XP level 5. HP: 16/28 MP: 0/13
   147 | D        | Learned a level 4 spell: Airstrike
   237 | D        | Learned a level 5 spell: Lightning Bolt
   239 | D        | Found a roughly hewn altar of Beogh.
   239 | D        | Found a snail-covered altar of Cheibriados.
   239 | D        | Found a shadowy altar of Dithmenos.
   239 | D        | Found a white marble altar of Elyvilon.
   239 | D        | Found a blossoming altar of Fedhas.
   239 | D        | Found an opulent altar of Gozag.
   240 | D        | Found a hazy altar of Hepliaklqana.
   241 | D        | Found a viscous altar of Jiyva.
   242 | D        | Found an ancient bone altar of Kikubaaqudgha.
   243 | D        | Found a corrupted altar of Lugonu.
   244 | D        | Found a burning altar of Makhleb.
   245 | D        | Found a sparkling altar of Nemelex Xobeh.
   246 | D        | Found an iron altar of Okawaru.
   247 | D        | Found a stormy altar of Qazlal.
   248 | D        | Found a sacrificial altar of Ru.
   249 | D        | Found a shimmering blue altar of Sif Muna.
   250 | D        | Found a bloodstained altar of Trog.
   251 | D        | Found a hide-covered altar of Uskayaw.
   252 | D        | Found a radiant altar of Vehumet.
   253 | D        | Found an ornate altar of the Wu Jian Council.
   254 | D        | Found a shimmering altar of Xom.
   255 | D        | Found a basalt altar of Yredelemnul.
   256 | D        | Found a glowing silver altar of Zin.
   257 | D        | Found a glowing golden altar of the Shining One.
   263 | D        | Became a worshipper of Sif Muna the Loreminder
   299 | D        | Noticed an orc warrior
   299 | D        | Noticed a two-headed ogre
   299 | D        | Noticed a big kobold
   299 | D        | Noticed a hippogriff
   306 | D        | Killed an orc warrior
   306 | D        | Reached * piety under Sif Muna
   306 | D        | Reached skill level 10 in Air Magic
   306 | D        | Reached XP level 6. HP: 32/32 MP: 6/16
   307 | D        | Reached skill level 10 in Conjurations
   312 | D        | Killed a hippogriff
   312 | D        | Reached XP level 7. HP: 10/36 MP: 1/19
   354 | D        | Slain by a two-headed ogre

Levels and vault maps discovered:
D:        linesprint [early_d, line_temple, items_1, d_10, items_2, lair_1,
          lair_end, items_3, orc_1, orc_end, items_4, d_15, swamp_1, shoals_1,
          snake_1, spider_1, d_20, vaults_1, items_5, swamp_end, shoals_end,
          snake_end, spider_end, vaults_end, d_27, items_6, zot_1, zot_end,
          crypt_end, forest_end, elf_end, slime_end, tomb_end, abyss_end,
          pan_hell_end]

Skill      XL: |  1  2  3  4  5  6 |
---------------+-------------------+-----
Conjurations   | 3 6 7 9 11 | 11.2
Air Magic      | 5 7 8 10 11 | 11.7
Spellcasting   | 5 6 8 |  8.2
Dodging        | |  2.1
Stealth        | |  2.0

Action                   |  1- 3 |  4- 6 |  7- 9 || total
-------------------------+-------+-------+-------++-------
Melee: Dagger            |     5 |    17 |       ||    22
       Peck              |     1 |     4 |       ||     5
       Kick              |       |     4 |     1 ||     5
       Staff             |       |       |     1 ||     1
 Cast: Shock             |    10 |    20 |     4 ||    34
       Lightning Bolt    |       |       |     1 ||     1
  Use: Potion            |       |     2 |       ||     2
       Scroll            |       |       |     1 ||     1
Armor: Robe              |     3 |    13 |       ||    16
Dodge: Dodged            |     5 |    27 |       ||    32

Table legend:
 A = Non-vault XP
 B = Vault XP
 C = Vault XP percentage of total XP
 D = Non-vault monster count
 E = Vault monster count
 F = Vault count percentage of total count
                 A         B        C        D         E       F
            +---------+---------+-------+---------+---------+-------
      Total |       0 |     731 | 100.0 |       0 |      15 | 100.0
            +---------+---------+-------+---------+---------+-------
          D |       0 |     731 | 100.0 |       0 |      15 | 100.0
            +---------+---------+-------+---------+---------+-------
